 Dungeon Crawl Stone Soup version 0.31-a0-277-g31ea1f65cc (webtiles) character file.

Game seed: 2405619295048931806

625 LustLizard the Ruffian (level 7, 0/48 HPs)
             Began as an Octopode Shapeshifter on July 15, 2023.
             Was a Believer of Uskayaw.
             Splashed by a jelly's acid (8 damage)
             ... on level 5 of the Dungeon.
             The game lasted 00:08:02 (3512 turns).

LustLizard the Ruffian (Octopode Shapeshifter)      Turns: 3512, Time: 00:08:03

Health: 0/48       AC: -7    Str: 16    XL:     7   Next: 47%
Magic:  7/7        EV: 13    Int: 11    God:    Uskayaw [**....]
Gold:   263        SH:  0    Dex: 12    Spells: 6/6 levels left

rFire   . .          .
                       - Unarmed
rCold   . . .        (no shield)
rNeg    . . .        (helmet currently unavailable)
rPois   .            o - amulet of magic regeneration
rElec   .            (no ring)
rCorr   .            (no ring)
SInv    .            (no ring)
Will    .....        (no ring)
Stlth   ++           (no ring)
HPRegen 0.28/turn    (no ring)
MPRegen 0.50/turn    (no ring)
                     (no ring)

%: no passive effects
@: beast-form, corroded
A: beast (slay +3), almost no armour, amphibious, 8 rings, camouflage 1,
gelatinous body 1, (nimble swimmer 1), tentacles
a: Begin Untransformation, Renounce Religion, Stomp, Line Pass


You were on level 5 of the Dungeon.
You worshipped Uskayaw.
Uskayaw was noncommittal.
You were a hulking beast.
You visited 1 branch of the dungeon, and saw 5 of its levels.
You also visited: Ossuary.

You collected 263 gold pieces.

Inventory:

Missiles
 r - 10 poisoned darts
Jewellery
 o - an amulet of magic regeneration (around mantle)
Talismans
 b - a beast talisman
Scrolls
 c - a scroll of amnesia {unknown}
 h - 2 scrolls of vulnerability {unknown}
 j - a scroll of fear {unknown}
 k - a scroll of revelation {unknown}
 m - 2 scrolls of teleportation {unknown}
 p - a scroll of brand weapon {unknown}
 q - 2 scrolls of enchant armour
 u - 2 scrolls of acquirement {unknown}
 w - 3 scrolls of enchant weapon {unknown}
 y - a scroll of blinking {unknown}
Potions
 a - 3 potions of lignification
 d - a potion of invisibility
 e - 2 potions of ambrosia {unknown}
 f - a potion of magic {unknown}
 g - 7 potions of mutation
 i - 2 potions of attraction {unknown}
 l - 2 potions of resistance {unknown}
 n - 3 potions of heal wounds {unknown}
 s - a potion of enlightenment {unknown}
 t - a potion of haste {unknown}
 v - a potion of cancellation {unknown}
 x - a potion of berserk rage {unknown}
 z - a potion of curing {unknown}
 A - a potion of brilliance {unknown}


   Skills:
 + Level 4.2 Fighting
 - Level 2.0 Dodging
 * Level 5.8 Unarmed Combat
 + Level 1.0 Invocations
 + Level 4.4 Shapeshifting


You had 6 spell levels left.
You didn't know any spells.
Your spell library contained the following spells:

 Spells                   Type           Power      Damage    Failure   Level
 Static Discharge         Conj/Air       0%         2-2/arc   47%         2
 Wereblood                Tmut           0%         N/A       47%         2
 Airstrike                Air            0%         2d(0-16)  98%         4
 Passage of Golubria      Tloc           0%         N/A       98%         4
 Summon Lightning Spire   Summ/Air       0%         N/A       98%         4
 Irradiate                Conj/Tmut      0%         3d11      100%        5
 Silence                  Hex/Air        0%         N/A       100%        5
 Lehudib's Crystal Spear  Conj/Erth      0%         10d2      100%        8


Dungeon Overview and Level Annotations

Branches:
Dungeon (5/15)            Ossuary (visited)
 Temple: D:4-7

Altars:
Gozag
Hepliaklqana
Kikubaaqudgha
Sif Muna
Uskayaw
Vehumet
Xom
Yredelemnul

Shops:
D:1 :


Innate Abilities, Weirdness & Mutations

You are a hulking beast.
Your limbs bulge with bestial killing power. (Slay +3)
You cannot wear most types of armour.
You are amphibious.
You can wear up to eight rings at the same time.
Your skin changes colour to match your surroundings (Stealth+).
Your rubbery body absorbs attacks. (AC +1, EV +1)
((You are camouflaged when in or above water. (Stealth+)))
You have tentacles for arms and can constrict up to eight enemies at once.


Message History

The scorpion closely misses you.
You tentacle-slap the scorpion.
You tentacle-slap the scorpion, but do no damage.
The scorpion is severely wounded.
You constrict the scorpion. The scorpion closely misses you.
You can now pass through a line of other dancers.
You tentacle-slap the scorpion but do no damage.
You squeeze the scorpion.
You kill the scorpion!
Your Invocations skill increases to level 1!
HP restored.
Things that are here:
a +0 spear; a gnoll corpse You now have enough gold to buy a Young Poisoner's Handbook on D:1.
You can access your shopping list by pressing '$'.
You now have 263 gold pieces (gained 7).
A - a golden potion Key pressed, stopping explore.
A jelly comes into view.
The jelly quivers.
You tentacle-slap the jelly.
Your tentacles burn!
You tentacle-slap the jelly.
The jelly is moderately wounded.
The jelly hits you. The acid corrodes you!
You are splashed with acid!
You tentacle-slap the jelly.
Your tentacles burn!
The jelly is severely wounded.
The jelly hits you.
You are splashed with acid!
You can now pass through a line of other dancers.
You are too injured to fight recklessly!
You tentacle-slap the jelly but do no damage.
Your tentacles burn!
The jelly is severely wounded.
The jelly hits you. The acid corrodes you!
You are splashed with acid.
* * * LOW HITPOINT WARNING * * *
You tentacle-slap the jelly.
Your tentacles burn!
* * * LOW HITPOINT WARNING * * *
The jelly is almost dead.
The jelly hits you.
* * * LOW HITPOINT WARNING * * *
You are splashed with acid!
You die...

##########
#.........
#.#######.
######.##
#.......#
#.####..#
#.#
#..####.#
#.#
#...hJ..#
#.#
#.#######
#.# #.#
###.# #..
#...# ###
#.### #.#
#.#########
#..........


You could see a jelly.

Vanquished Creatures
  Sigmund (D:2)
  A scorpion (D:5)
  A centaur zombie (Ossuary)
  A hound (D:4)
  An orc wizard (D:4)
  4 mummies (Ossuary)
  10 gnolls
  5 adders
  3 dart slugs
  9 orcs (D:4)
  A ball python (D:4)
  7 endoplasms
  2 giant cockroaches (D:3)
  3 gnoll zombies (Ossuary)
  6 goblins
  10 hobgoblins
  8 jackals
  5 quokkas
  8 bats
  5 frilled lizards
  A hobgoblin zombie (Ossuary)
  8 kobolds
  A kobold zombie (Ossuary)
  2 orc zombies (Ossuary)
  5 rats
108 creatures vanquished.

Notes
Turn   | Place    | Note
-------+----------+-------------------------------------------
     0 | D:1      | LustLizard the Octopode Shapeshifter began the quest for
                  | the Orb.
     0 | D:1      | Reached XP level 1. HP: 14/14 MP: 1/1
   198 | D:1      | Reached XP level 2. HP: 19/19 MP: 2/2
   329 | D:1      | Found Aladiyrph's Book Shoppe.
   681 | D:1      | Reached XP level 3. HP: 25/25 MP: 3/3
   828 | D:2      | Found an ancient bone altar of Kikubaaqudgha.
   828 | D:2      | Noticed Sigmund
  1067 | D:2      | Reached skill level 3 in Unarmed Combat
  1198 | D:2      | Reached XP level 4. HP: 26/30 MP: 4/4
  1497 | D:2      | Killed Sigmund
  1498 | D:2      | Reached skill level 4 in Unarmed Combat
  1498 | D:2      | Reached XP level 5. HP: 31/36 MP: 5/5
  1498 | D:2      | Reached XP level 6. HP: 36/42 MP: 6/6
  1828 | D:3      | Found a basalt altar of Yredelemnul.
  1833 | D:3      | Found a hazy altar of Hepliaklqana.
  2245 | D:4      | Reached skill level 5 in Unarmed Combat
  2355 | D:4      | Found a sand-covered staircase.
  2360 | Ossuary  | Entered an ossuary
  2482 | Ossuary  | Reached XP level 7. HP: 35/47 MP: 7/7
  3079 | D:4      | Found a shimmering blue altar of Sif Muna.
  3081 | D:4      | Found a hide-covered altar of Uskayaw.
  3082 | D:4      | Found a radiant altar of Vehumet.
  3092 | D:4      | Became a worshipper of Uskayaw the Reveller
  3111 | D:4      | Found a shimmering altar of Xom.
  3113 | D:4      | Found an opulent altar of Gozag.
  3191 | D:5      | Entered Level 5 of the Dungeon
  3262 | D:5      | Reached * piety under Uskayaw
  3267 | D:5      | Reached ** piety under Uskayaw
  3314 | D:5      | Reached *** piety under Uskayaw
  3318 | D:5      | Reached **** piety under Uskayaw
  3378 | D:5      | Reached skill level 1 in Invocations
  3512 | D:5      | Splashed by a jelly's acid

Illustrated notes

Levels and vault maps discovered:
D:1:      dpeg_arrival_houses_and_road, layout_loops_ring, serial_shops,
          nicolae_shop_tiny_real_fake_doors
D:2:      layout_basic, basic_altar, nicolae_grassy_gnolls, uniq_sigmund
D:3:      layout_rooms, mainiacjoe_overflow_big_doors
D:4:      layout_basic, minmay_overflow_temple_star_hex, enter_ossuary_2,
          hangedman_decor_opposing, nicolae_twisty_statue_hallways
D:5:      layout_loops_ring, uniq_edmund, uniq_crazy_yiuf_cottage,
          uniq_menkaure, uniq_eustachio

Skill      XL: |  1  2  3  4  5  6  7 |
---------------+----------------------+-----
Unarmed Combat | 3 4 5 |  5.8
Fighting       | 3 4 |  4.2
Shapeshifting  | 4 |  4.4
Invocations    | 1 |  1.0
Dodging        | |  2.0

Action                     |  1- 3 |  4- 6 |  7- 9 || total
---------------------------+-------+-------+-------++-------
  Melee: Unarmed           |    69 |    91 |    55 ||   215
         Constrict         |    18 |    25 |    17 ||    60
         Tentacles         |     5 |    24 |    10 ||    39
         Punch             |       |     6 |     4 ||    10
    Use: Scroll            |       |     3 |       ||     3
   Stab: Sleeping          |     8 |     9 |     4 ||    21
         Paralysed         |       |       |     1 ||     1
 Armour: Skin              |    11 |     5 |     1 ||    17
  Dodge: Dodged            |    39 |    48 |    31 ||   118

Table legend: (Time is in decaauts)
 A = Elapsed time spent in this place.
 B = Non-inter-level travel time spent in this place.
 C = Inter-level travel time spent in this place.
 D = Time resting spent in this place.
 E = Time spent auto-exploring this place.
 F = Levels seen in this place.
 G = Mean time per level.
                   A        B        C        D        E       F      G
               +--------+--------+--------+--------+--------+-----+--------+
         Total |   3495 |   3337 |    158 |    248 |   2168 |   6 |  582.5 |
       Dungeon |   3236 |   3078 |    158 |    248 |   1988 |   5 |  647.2 |
       Ossuary |    258 |    258 |      0 |      0 |    180 |   1 |  258.0 |
               +--------+--------+--------+--------+--------+-----+--------+

Top non-repeatable levels by time:
     D:1: 829 daAuts
     D:4: 818 daAuts
     D:2: 805 daAuts
     D:3: 464 daAuts
     D:5: 317 daAuts
 Ossuary: 258 daAuts
